 Dungeon Crawl Stone Soup version 0.31-a0-198-g2ad674f65e (webtiles) character file.

Game seed: 15176519237065223193

926 qw the Skirmisher (level 7, -1/40 HPs)
             Began as a Deep Elf Hunter on June 25, 2023.
             Slain by an ogre
             ... wielding a +0 giant club
              (12 damage)
             ... on level 6 of the Dungeon.
             The game lasted 00:01:49 (4120 turns).

qw the Skirmisher (Deep Elf Hunter)                 Turns: 4120, Time: 00:01:50

Health: -1/40      AC: 12    Str: 10    XL:     7   Next: 85%
Magic:  9/9        EV: 10    Int: 14    God:
Gold:   395        SH:  0    Dex: 21    Spells: 6/6 levels left

rFire   . . .        Y - +0 shortbow (drain)
rCold   . . .        (shield currently unavailable)
rNeg    . . .        a - +3 scale mail of Quiescent the Good {Dex+3}
rPois   .            l - +0 helmet
rElec   .            (no cloak)
rCorr   .            k - +0 pair of gloves
SInv    .            m - +0 pair of boots
Will    .....        g - amulet of regeneration
Stlth   +            (no ring)
HPRegen 1.06/turn    (no ring)
MPRegen 0.11/turn

%: no passive effects
@: no status effects
A: no striking features
a: no special abilities


You were on level 6 of the Dungeon.
You visited 2 branches of the dungeon, and saw 7 of its levels.

You collected 423 gold pieces.
You spent 28 gold pieces at shops.


   Skills:
 - Level 2.0 Fighting
 + Level 11.8 Ranged Weapons
 - Level 2.2 Armour
 - Level 3.1 Dodging
 - Level 1.2 Stealth


You had 6 spell levels left.
You didn't know any spells.
Your spell library was empty.

Inventory:

Hand Weapons
 Y - a +0 shortbow of draining (weapon)
Armour
 a - the +3 scale mail of Quiescent the Good (worn) {Dex+3}
   (You found it on level 2 of the Dungeon)

   Dex:       It affects your dexterity (+3).
 k - a +0 pair of gloves (worn)
 l - a +0 helmet (worn)
 m - a +0 pair of boots (worn)
Jewellery
 e - a ring of willpower
 g - an amulet of regeneration (around neck)
Scrolls
 b - 3 scrolls of identify
 i - a scroll of teleportation {unknown}
Potions
 c - 3 potions of might
 d - a potion of mutation
 f - a potion of attraction {unknown}
 h - a potion of brilliance {unknown}
 j - a potion of invisibility {unknown}
 n - a potion of heal wounds
 o - 2 potions of enlightenment
 p - a potion of resistance
 q - a potion of curing {unknown}
 r - a potion of haste {unknown}

Dungeon Overview and Level Annotations

Branches:
Dungeon (6/15)             Temple (1/1) D:4

Altars:
Ashenzari
Cheibriados
Elyvilon
Fedhas
Gozag
Hepliaklqana
Kikubaaqudgha
Makhleb
Nemelex Xobeh
Qazlal
Ru
Trog
Uskayaw
Wu Jian
Xom
Yredelemnul
Zin
The Shining One

Shops:
D:2 ?   D:3 (   D:4 (

Annotations:
D:3 2 runed translucent doors, qw's ghost, amateur DEHu


Message History

4111 ||| Stepping ~*~*~tactically~*~*~ (cloud).
You shoot an arrow. The ogre shouts!
The arrow hits the steam dragon but does no damage.
You shoot an arrow. The arrow hits the steam dragon!
The steam dragon is moderately wounded.
You shoot an arrow. The arrow hits the steam dragon.
The steam dragon is moderately wounded.
You shoot an arrow. The arrow hits the steam dragon.
You drain the steam dragon.
The steam dragon is heavily wounded.
The steam dragon breathes steam at you. The ball of steam hits you.
You shoot an arrow.
The arrow barely misses the steam dragon.
You are engulfed in a cloud of scalding steam.
The steam dragon bites you but does no damage.
The steam dragon claws you.
You shoot an arrow.
The arrow hits the steam dragon but does no damage.
You drain the steam dragon.
The steam dragon is heavily wounded.
You are engulfed in a cloud of scalding steam.
The steam dragon barely misses you. The steam dragon closely misses you.
You shoot an arrow. The arrow hits the steam dragon!
The steam dragon is almost dead.
You are engulfed in a cloud of scalding steam.
The steam dragon bites you but does no damage.
The steam dragon claws you but does no damage.
You shoot an arrow.
The arrow barely misses the steam dragon.
The steam dragon breathes steam at you. The ball of steam hits you!
The ogre closely misses you.
You shoot an arrow.
The arrow hits the steam dragon but does no damage.
You drain the steam dragon.
The steam dragon is almost dead.
You are engulfed in a cloud of scalding steam.
The steam dragon bites you but does no damage.
The steam dragon closely misses you. The ogre hits you with a +0 giant club!
You die...

..........#..###........#####
#+##.....###..##).......#...#
#....## ##...............#
+.####...................# #.
#............########## #+ #
........##....# ..
.....#####.##.# #.#
...........ยค..# ...
#.####.###@..#### #..
..###..#.DO.....####### ...
....................# ...
O...................# ..<
..#.................# #..
#.................# ...
...........[(......# ..
..#.................#
###########.........#


You could see a steam dragon (catching breath, very drained) and an ogre.

Vanquished Creatures
  Edmund (D:6)
  An ice beast (D:6)
  A black bear (D:4)
  An ogre (D:5)
  A jelly (D:6)
  6 hounds
  An orc priest (D:6)
  2 sleepcaps (D:5)
  2 iguanas (D:5)
  2 orc wizards
  7 adders
  2 worms
  4 dart slugs
  6 orcs
  5 endoplasms
  3 giant cockroaches
  8 goblins
  6 hobgoblins
  12 jackals
  6 quokkas
  4 ball pythons
  4 bats
  2 frilled lizards (D:1)
  7 kobolds
  2 rats
96 creatures vanquished.

Notes
Turn   | Place    | Note
-------+----------+-------------------------------------------
     0 | D:1      | qw the Deep Elf Hunter began the quest for the Orb.
     0 | D:1      | Reached XP level 1. HP: 12/12 MP: 3/3
     0 | D:1      | 0 ||| qw: Version: 0.3-a-22-g0ed2b0b
     0 | D:1      | 0 ||| qw: Game counter: 4904
     0 | D:1      | 0 ||| qw: Melee chars always use a shield: true
     0 | D:1      | 0 ||| qw: God list: Okawaru
     0 | D:1      | 0 ||| qw: Allow faded altars: false
     0 | D:1      | 0 ||| qw: Do Orc after clearing Dungeon:15 true
     0 | D:1      | 0 ||| qw: Do second Lair branch before Depths: true
     0 | D:1      | 0 ||| qw: Lair rune preference: random
     0 | D:1      | 0 ||| qw: Goals: Normal
     0 | D:1      | 0 ||| PLANNING D:1-11
   181 | D:1      | Reached skill level 6 in Ranged Weapons
   181 | D:1      | Reached XP level 2. HP: 16/16 MP: 4/4
   258 | D:1      | HP: 4/16 [jackal (2)]
   543 | D:1      | 543 ||| UPGRADING to +0 ring mail.
   553 | D:1      | 553 ||| DROPPING +0 leather armour.
   554 | D:1      | 554 ||| READING scroll labelled MAUTTI WUZU.
   555 | D:1      | 555 ||| READING 2 scrolls labelled ZIH SUORISABITH.
   556 | D:1      | 556 ||| READING scroll labelled KAFYAZI NYPS.
   557 | D:1      | 557 ||| READING scroll labelled MARCHOF ROIS.
   558 | D:1      | 558 ||| DROPPING scroll of butterflies.
   559 | D:1      | 559 ||| DROPPING scroll of amnesia.
   604 | D:2      | Identified the +3 scale mail of Quiescent the Good {Dex+3}
   675 | D:2      | Found Qerinet's Magic Scroll Shoppe.
   683 | D:2      | 683 ||| SHOPLISTING scroll of brand weapon (133 gold, have
                  | 67).
   683 | D:2      | 683 ||| SHOPLISTING scroll of enchant armour (105 gold,
                  | have 67).
   683 | D:2      | 683 ||| BUYING scroll of identify (28 gold).
   683 | D:2      | Bought a scroll of identify for 28 gold pieces
   683 | D:2      | 683 ||| SHOPLISTING scroll of teleportation (42 gold, have
                  | 39).
   791 | D:2      | Reached XP level 3. HP: 20/20 MP: 5/5
   901 | D:2      | Reached skill level 7 in Ranged Weapons
   976 | D:2      | 976 ||| FLEEEEING.
   977 | D:2      | 977 ||| FLEEEEING.
   978 | D:2      | 978 ||| FLEEEEING.
   979 | D:2      | 979 ||| STAIRDANCE
  1005 | D:1      | 1005 ||| UPGRADING to +3 scale mail of Quiescent the Good
                  | {Dex+3}.
  1015 | D:1      | 1015 ||| DROPPING +0 ring mail.
  1214 | D:2      | 1214 ||| READING 2 scrolls of identify.
  1214 | D:2      | 1214 ||| IDENTIFYING fuming silvery potion
  1215 | D:2      | 1215 ||| DROPPING potion of berserk rage.
  1241 | D:3      | Found Iqagaf's Weapon Shoppe.
  1295 | D:3      | Found an opulent altar of Gozag.
  1330 | D:3      | Reached XP level 4. HP: 25/25 MP: 6/6
  1407 | D:3      | 1407 ||| FLEEEEING.
  1408 | D:3      | 1408 ||| FLEEEEING.
  1409 | D:3      | 1409 ||| FLEEEEING.
  1410 | D:3      | 1410 ||| FLEEEEING.
  1411 | D:3      | 1411 ||| FLEEEEING.
  1412 | D:3      | 1412 ||| FLEEEEING.
  1413 | D:3      | 1413 ||| FLEEEEING.
  1414 | D:3      | 1414 ||| FLEEEEING.
  1415 | D:3      | 1415 ||| FLEEEEING.
  1416 | D:3      | 1416 ||| FLEEEEING.
  1417 | D:3      | 1417 ||| FLEEEEING.
  1418 | D:3      | 1418 ||| FLEEEEING.
  1419 | D:3      | 1419 ||| FLEEEEING.
  1426 | D:3      | 1426 ||| FLEEEEING.
  1427 | D:3      | 1427 ||| FLEEEEING.
  1428 | D:3      | 1428 ||| FLEEEEING.
  1429 | D:3      | 1429 ||| FLEEEEING.
  1430 | D:3      | 1430 ||| FLEEEEING.
  1431 | D:3      | 1431 ||| FLEEEEING.
  1432 | D:3      | 1432 ||| FLEEEEING.
  1433 | D:3      | 1433 ||| FLEEEEING.
  1521 | D:3      | Identified the +3 spear of Omuprarph {venom, *Slow Int+3
                  | Dex+4}
  1590 | D:3      | Reached skill level 8 in Ranged Weapons
  1630 | D:3      | 1630 ||| FLEEEEING.
  1631 | D:3      | 1631 ||| FLEEEEING.
  1640 | D:3      | 1640 ||| FLEEEEING.
  1645 | D:3      | 1645 ||| FLEEEEING.
  1652 | D:3      | 1652 ||| FLEEEEING.
  1653 | D:3      | 1653 ||| FLEEEEING.
  1654 | D:3      | 1654 ||| FLEEEEING.
  1655 | D:3      | 1655 ||| FLEEEEING.
  1656 | D:3      | 1656 ||| FLEEEEING.
  1657 | D:3      | 1657 ||| FLEEEEING.
  1657 | D:3      | HP: 6/25 [poisoned by a kobold]
  1658 | D:3      | 1658 ||| FLEEEEING.
  1659 | D:3      | 1659 ||| FLEEEEING.
  1660 | D:3      | 1660 ||| FLEEEEING.
  1661 | D:3      | 1661 ||| FLEEEEING.
  1668 | D:3      | 1668 ||| FLEEEEING.
  1669 | D:3      | 1669 ||| FLEEEEING.
  1670 | D:3      | 1670 ||| FLEEEEING.
  1671 | D:3      | 1671 ||| FLEEEEING.
  1672 | D:3      | 1672 ||| FLEEEEING.
  1673 | D:3      | 1673 ||| FLEEEEING.
  1674 | D:3      | 1674 ||| STAIRDANCE
  1753 | D:2      | 1753 ||| UPGRADING to amulet of regeneration.
  1758 | D:2      | 1758 ||| READING scroll labelled VUUCLOUXAH.
  1759 | D:2      | 1759 ||| READING scroll labelled SYBIGR KIEWAS.
  1767 | D:3      | 1767 ||| STAIRDANCE
  2047 | D:3      | Found a large runed translucent door.
  2047 | D:3      | Found a large runed translucent door.
  2049 | D:3      | Noticed qw's ghost (amateur DEHu)
  2273 | D:3      | 2273 ||| UPGRADING to +1 hat.
  2278 | D:3      | 2278 ||| UPGRADING to +0 pair of gloves.
  2283 | D:3      | 2283 ||| READING scroll labelled TYFAPH SACURCHE.
  2384 | D:3      | 2384 ||| DRINKING 2 ruby potions.
  2516 | D:4      | Found a staircase to the Ecumenical Temple.
  2517 | D:4      | 2517 ||| PLANNING TEMPLE
  2517 | D:4      | 2517 ||| UPGRADING to +0 helmet.
  2527 | D:4      | 2527 ||| DROPPING +1 hat.
  2543 | Temple   | Entered the Ecumenical Temple
  2556 | Temple   | 2556 ||| PLANNING D:1-11
  2568 | D:4      | Noticed a black bear
  2572 | D:4      | Killed a black bear
  2573 | D:4      | Reached XP level 5. HP: 29/29 MP: 7/7
  2722 | D:4      | Found Cyokecveerch's Weapon Shoppe.
  2882 | D:4      | Reached XP level 6. HP: 34/34 MP: 8/8
  3182 | D:4      | Reached skill level 9 in Ranged Weapons
  3205 | D:4      | 3205 ||| UPGRADING to +0 pair of boots.
  3210 | D:4      | 3210 ||| READING scroll labelled RASU NUXITS.
  3211 | D:4      | 3211 ||| READING 2 scrolls of identify.
  3211 | D:4      | 3211 ||| IDENTIFYING smoky cyan potion
  3269 | D:5      | Entered Level 5 of the Dungeon
  3346 | D:5      | 3346 ||| STAIRDANCE
  3474 | D:5      | Found a stormy altar of Qazlal.
  3512 | D:5      | Reached skill level 10 in Ranged Weapons
  3512 | D:5      | Reached XP level 7. HP: 27/40 MP: 9/9
  3575 | D:5      | Reached skill level 3 in Dodging
  3785 | D:5      | 3785 ||| READING scroll labelled KIRE BOSARI.
  3786 | D:5      | 3786 ||| DRINKING 2 golden potions.
  3787 | D:5      | 3787 ||| DRINKING 3 fizzy blue potions.
  3788 | D:5      | 3788 ||| DRINKING 2 purple potions.
  3789 | D:5      | 3789 ||| READING 2 scrolls of identify.
  3789 | D:5      | 3789 ||| IDENTIFYING amethyst potion
  3790 | D:5      | 3790 ||| DROPPING potion of degeneration.
  3815 | D:6      | 3815 ||| PLANNING OSSUARY
  3828 | D:6      | Found a burning altar of Makhleb.
  3926 | D:6      | Reached skill level 11 in Ranged Weapons
  3973 | D:6      | Noticed Edmund
  3990 | D:6      | Killed Edmund
  3990 | D:6      | HP: 10/40 [poisoned by Edmund]
  3995 | D:6      | HP: 6/40 [poisoned by Edmund]
  4107 | D:6      | Noticed a steam dragon
  4109 | D:6      | 4109 ||| Stepping ~*~*~tactically~*~*~ (cloud).
  4111 | D:6      | 4111 ||| Stepping ~*~*~tactically~*~*~ (cloud).
  4120 | D:6      | HP: 10/40 [steam dragon] (2)]
  4120 | D:6      | Slain by an ogre

Levels and vault maps discovered:
D:1:      elethiomel_arrival_infinity_welcomes_careful_drivers, layout_rooms
D:2:      cheibrodos_greedy_goblins, layout_basic, serial_shops,
          nicolae_shop_temple_entry_statues_fountains
D:3:      layout_basic, grunt_gozag_breadcrumbs, serial_shops,
          nicolae_shop_bloodbath_and_beyond, ebering_ghost_disaster_area
D:4:      layout_loops_corners, minmay_temple_entry_large_hall, serial_shops,
          nicolae_take_the_stairs
D:5:      layout_cave_pools, nicolae_qazlal_general_emergency,
          serial_column_ruins, column_ruins_columns_corner,
          column_ruins_open_large, column_ruins_open_small, column_ruins_grid_2,
          column_ruins_open_small_water
D:6:      layout_rooms, makhleb_blood_cavern_becter, enter_ossuary_2,
          uniq_edmund
Temple:   hellmonk_temple_two_chambers

Skill      XL: |  1  2  3  4  5  6  7 |
---------------+----------------------+-----
Ranged Weapons | 6 7 8 10 11 | 11.8
Armour         | 2 |  2.2
Fighting       | 2 |  2.0
Dodging        | 3 |  3.1
Stealth        | |  1.2

Action                     |  1- 3 |  4- 6 |  7- 9 || total
---------------------------+-------+-------+-------++-------
   Fire: Shortbow          |   101 |   154 |    69 ||   324
    Use: Scroll            |     5 |     5 |     2 ||    12
         Potion            |       |     1 |     3 ||     4
 Armour: Leather armour    |    12 |       |       ||    12
         Ring mail         |     9 |       |       ||     9
         Scale mail        |    14 |    33 |    21 ||    68
  Dodge: Dodged            |    47 |    38 |    15 ||   100

Table legend:
 A = Non-vault XP
 B = Vault XP
 C = Vault XP percentage of total XP
 D = Non-vault monster count
 E = Vault monster count
 F = Vault count percentage of total count
                 A         B        C        D         E       F
            +---------+---------+-------+---------+---------+-------
      Total |    1114 |     209 |  15.8 |      86 |      10 |  10.4
            +---------+---------+-------+---------+---------+-------
        D:1 |      30 |       0 |   0.0 |      16 |       0 |   0.0
        D:2 |      48 |      15 |  23.8 |      14 |       8 |  36.4
        D:3 |      86 |       0 |   0.0 |      20 |       0 |   0.0
        D:4 |     251 |       0 |   0.0 |      15 |       0 |   0.0
        D:5 |     427 |       0 |   0.0 |      14 |       0 |   0.0
        D:6 |     272 |     194 |  41.6 |       7 |       2 |  22.2
            +---------+---------+-------+---------+---------+-------
